General information
- name: 1v1 pro only!!!!!!
- type: Custom game
- host: Katun
- saver: boli
map: EchoIsles
- players: 8
- length: 13:03
- speed: Fast
- version: 1.24 W3XP
- replay type: Public
» download(82 KB)
Players
team 1 (winner)

»
boli (
red | 116 APM | 1519 actions | 13:03)
4 Death Knight
2 Death Coil
2 Unholy Aura
3 Lich
2 Frost Nova
1 Dark Ritual
1 Dreadlord
1 Sleep
» actions
| Assign group hotkey | 13 | |
| Basic commands | 78 | |
| Build / train | 54 | |
| Enter build submenu | 12 | |
| Enter hero's abilities submenu | 8 | |
| Give item / drop item | 1 | |
| Right click | 716 | |
| Select / deselect | 348 | |
| Select group hotkey | 187 | |
| Use ability | 102 | |
1519 total
» units
| Acolyte | 4 | |
| Ghoul | 10 | |
| Forest Troll Berserker | 3 | |
| Crypt Fiend | 4 | |
| Obsidian Statue | 4 | |
25 total
» upgrades
| Burrow | 1 | |
| Destroyer Form | 1 | |
| Creature Attack | 1 | |
| Creature Carapace | 1 | |
4 total
» buildings
| Crypt | 1 | |
| Altar of Darkness | 1 | |
| Ziggurat | 6 | |
| Tomb of Relics | 1 | |
| Halls of the Dead | 2 | |
| Nerubian Tower | 1 | |
| Graveyard | 1 | |
| Black Citadel | 1 | |
| Slaughterhouse | 1 | |
15 total
» build order
00:05 Crypt
00:10 Altar of Darkness
00:23 Ziggurat
00:54 Tomb of Relics
01:29 Ziggurat
03:18 Halls of the Dead
03:18 Halls of the Dead
03:22 Ziggurat
03:24 Nerubian Tower
04:29 Graveyard
05:36 Ziggurat
05:41 Black Citadel
06:07 Slaughterhouse
09:34 Ziggurat
12:05 Ziggurat
» items
| Rod of Necromancy | 4 | |
| Boots of Speed | 1 | |
| Orb of Corruption | 1 | |
6 total
team 2 (loser)
1337juice (
blue | 84 APM | 1099 actions | 13:01)
3 Archmage
2 Summon Water Elemental
1 Brilliance Aura
2 Mountain King
1 Storm Bolt
1 Bash
» actions
| Basic commands | 26 | |
| Build / train | 52 | |
| Enter build submenu | 18 | |
| Enter hero's abilities submenu | 5 | |
| Give item / drop item | 3 | |
| Remove unit from queue | 2 | |
| Right click | 632 | |
| Select / deselect | 309 | |
| Use ability | 52 | |
1099 total
» units
| Peasant | 10 | |
| Footman | 7 | |
| Forest Troll Shadow Priest | 1 | |
| Priest | 4 | |
| Spell Breaker | 5 | |
| Sorceress | 1 | |
28 total
» buildings
| Altar of Kings | 1 | |
| Barracks | 1 | |
| Farm | 6 | |
| Scout Tower | 1 | |
| Arcane Tower | 1 | |
| Keep | 1 | |
| Arcane Vault | 1 | |
| Arcane Sanctum | 2 | |
| Castle | 1 | |
| Town Hall | 1 | |
| Lumber Mill | 1 | |
| Blacksmith | 1 | |
| Guard Tower | 2 | |
20 total
» build order
00:10 Altar of Kings
00:15 Barracks
00:20 Farm
00:56 Farm
01:36 Farm
01:51 Scout Tower
02:26 Arcane Tower
03:44 Keep
04:38 Arcane Vault
04:40 Farm
05:28 Farm
05:50 Farm
06:08 Arcane Sanctum
07:13 Arcane Sanctum
08:46 Castle
11:28 Town Hall
11:34 Lumber Mill
12:01 Blacksmith
12:39 Guard Tower
12:39 Guard Tower
» items
| Scroll of Regeneration | 1 | |
| Potion of Healing | 4 | |
| Ivory Tower | 4 | |
9 total
observersKatun,
Ksm1tH,
deetee,
Ambitionz,
Jazling.,
Bals.Gainersz Chat log
(00:17 / All) boli: gl hf
(00:30 / All) 1337juice: you too
(12:42 / All) 1337juice: k gg you win
(12:47 / All) 1337juice: gay too many things to do =/
(12:51 / All) 1337juice: do you have expo?
(12:54 / All) boli: no
(12:58 / All) 1337juice: gg
(13:01 / All) boli: gg